 Dungeon Crawl Stone Soup version 0.31.0-32-g396128a36d (webtiles) character file.

Game seed: 14829057063480470476

199 jagang the Slasher (level 5, -3/42 HPs)
             Began as a Human Monk on Mar 21, 2024.
             Asphyxiated
             ... in a sewer.
             The game lasted 00:04:33 (2398 turns).

jagang the Slasher (Human Monk)                     Turns: 2398, Time: 00:04:33

Health: -3/42      AC:  6    Str: 11    XL:     5   Next: 77%
Magic:  5/5        EV: 11    Int: 10    God:
Gold:   131        SH:  0    Dex: 18    Spells: 4/4 levels left

rFire   . . .        a - +0 falchion
rCold   . . .        d - orb {light}
rNeg    . . .        f - +0 ring mail
rPois   .            h - +1 hat
rElec   .            (no cloak)
rCorr   .            (no gloves)
SInv    .            (no boots)
Will    .....        (no amulet)
Stlth   +            (no ring)
HPRegen 0.27/turn    (no ring)
MPRegen 0.09/turn

%: no passive effects
@: lethally poisoned (-3 -> -23), slowed, glowing, very slow
A: explore regen
a: no special abilities


You were in a sewer.
You visited 1 branch of the dungeon, and saw 4 of its levels.
You also visited: Sewer.

You collected 131 gold pieces.

Inventory:

Hand Weapons
 a - a +0 falchion (weapon)
Missiles
 j - 4 javelins
 m - 9 poisoned darts
 p - 3 datura-tipped darts (quivered)
Armour
 d - an orb of light (worn)
 f - a +0 ring mail (worn)
 h - a +1 hat (worn)
Wands
 o - a wand of flame (19)
Scrolls
 b - a scroll of immolation {unknown}
 g - a scroll of fog {unknown}
 i - 3 scrolls of identify {unknown}
 l - a scroll of poison {unknown}
Potions
 e - a potion of heal wounds {unknown}
 k - 2 potions of might {unknown}
 n - a potion of curing {unknown}


   Skills:
 + Level 4.2 Fighting
 * Level 5.1 Long Blades
 + Level 1.5 Throwing
 - Level 3.0 Dodging


You had 4 spell levels left.
You didn't know any spells.
Your spell library contained the following spells:

 Spells                   Type           Power      Damage    Failure   Level
 Call Imp                 Summ           0%         N/A       80%         2
 Sublimation of Blood     Necr           0%         N/A       80%         2
 Summon Hydra             Summ           0%         N/A       100%        7


Dungeon Overview and Level Annotations

Branches:
Dungeon (4/15)              Sewer (1/1)
 Temple: D:4-7

Altars:
Ashenzari
Zin

Shops:
D:3 =

Annotations:
D:3 Grinder


Innate Abilities, Weirdness & Mutations

You regain HP and MP as you explore.


Message History

The kobold brigand hits you with a +0 club.
* * * LOW HITPOINT WARNING * * *
You're too confused to move!
The kobold brigand completely misses you.
You enter the shallow water.
Moving in this stuff is going to be slow.
The kobold brigand throws a curare-tipped dart.
The curare-tipped dart hits you.
You are poisoned.
You have difficulty breathing.
* * * LOW HITPOINT WARNING * * *
You feel yourself slow down.
* * * LOW HITPOINT WARNING * * *
You feel very sick.
The kobold brigand throws a curare-tipped dart.
The curare-tipped dart hits you.
You are more poisoned.
You have difficulty breathing.
* * * LOW HITPOINT WARNING * * *
You feel as though you will be slow longer.
Non-targeted confused throw: 4 javelins
Press: ? - help, Q - select action, (/) - cycle Dir - look around, f - activate
Okay, then.
Non-targeted confused throw: 3 darts (datura)
Press: ? - help, Q - select action, (/) - cycle Dir - look around, f - activate Look: a kobold brigand, wielding a +0 club and quivering curare-tipped darts (moderately wounded, haloed)
Okay, then.
Unknown command.
Non-targeted confused throw: 3 darts (datura)
Press: ? - help, Q - select action, (/) - cycle Dir - look around, f - activate
Okay, then.
You feel less invigorated.
You feel less confused.
* * * LOW HITPOINT WARNING * * *
You feel very sick.
The kobold brigand throws a curare-tipped dart.
The curare-tipped dart hits you.
You are more poisoned.
You have difficulty breathing.
You die...

#... ... .. ####.####
#...~.~.# #..~~)))#
#.~≈≈≈K)# #.~≈≈≈~.#
#~~≈≈≈@.# #.~~≈~~~#
#.~~≈~.~#
#~.~≈~..###############
#..~≈~~~~~~~~~~~~~~~~~~
#.~~≈~~.###############
##~~≈~~## #.~≈~.#
###.~≈≈.#


You could see a kobold brigand.

Vanquished Creatures
  A hound (D:4)
  3 river rats (Sewer)
  7 adders
  A ribbon worm (D:2)
  2 dart slugs (D:3)
  An orc (D:3)
  5 ball pythons
  7 endoplasms
  4 giant cockroaches (D:4)
  5 goblins
  5 hobgoblins
  8 kobolds
  7 quokkas
  3 bats
  3 frilled lizards
  9 rats
71 creatures vanquished.

Notes
Turn   | Place    | Note
-------+----------+-------------------------------------------
     0 | D:1      | jagang the Human Monk began the quest for the Orb.
     0 | D:1      | Reached XP level 1. HP: 18/18 MP: 1/1
   125 | D:1      | Reached XP level 2. HP: 20/24 MP: 2/2
   875 | D:2      | Reached XP level 3. HP: 24/29 MP: 3/3
   966 | D:2      | Reached skill level 4 in Long Blades
  1085 | D:2      | Reached XP level 4. HP: 28/37 MP: 4/4
  1792 | D:3      | Found Koave's Jewellery Boutique.
  1974 | D:3      | Noticed Grinder
  1998 | D:4      | Reached XP level 5. HP: 42/42 MP: 5/5
  2025 | D:4      | Reached skill level 1 in Throwing
  2152 | D:4      | Found a broken altar of Ashenzari.
  2206 | D:4      | Found a glowing silver altar of Zin.
  2252 | D:4      | Found a glowing drain.
  2259 | D:4      | Reached skill level 5 in Long Blades
  2269 | Sewer    | Entered a sewer
  2375 | Sewer    | Noticed a kobold brigand
  2397 | Sewer    | HP: 2/42 [asphyx]
  2398 | Sewer    | Asphyxiated

Illustrated notes

Levels and vault maps discovered:
D:1:      dpeg_arrival_shelter, layout_loops_ring, serial_forest,
          infiniplex_forest_straight_3, infiniplex_forest_clump_long,
          infiniplex_forest_lined_corner, infiniplex_forest_corner_2,
          infiniplex_forest_end_2, infiniplex_forest_straight_1
D:2:      layout_basic
D:3:      wander_river, layout_rooms, serial_shops,
          nicolae_shop_tiny_waterfront, minmay_fractal_squares_gapless_5,
          uniq_grinder
D:4:      layout_basic, zin_statuary, kennysheep_little_box,
          mainiacjoe_overflow_swirl, serial_forest,
          infiniplex_forest_clump_medium, infiniplex_forest_corner_2,
          infiniplex_forest_lined_room_2, infiniplex_forest_diagonal,
          infiniplex_forest_straight_2, infiniplex_forest_straight_1,
          infiniplex_forest_straight_4, gup_sewer_entry_pipe, minivault_26,
          nicolae_twisty_statue_hallways, uniq_crazy_yiuf_cottage, uniq_sigmund
Sewer:    sewer_kobolds

Skill      XL: |  1  2  3  4  5 |
---------------+----------------+-----
Long Blades    | 4 5 |  5.1
Fighting       | 4 |  4.2
Throwing       | 1 |  1.5
Dodging        | |  3.0

Action                     |  1- 3 |  4- 6 || total
---------------------------+-------+-------++-------
  Melee: Falchion          |    76 |   134 ||   210
    Use: Potion            |       |     1 ||     1
 Armour: Robe              |     5 |       ||     5
         Ring mail         |    31 |    89 ||   120
  Dodge: Dodged            |    48 |    92 ||   140
